[Event "FICS rated lightning game"]
[Site "FICS freechess.org"]
[FICSGamesDBGameNo "20003380"]
[White "Tominabok"]
[Black "Fsiddhartha"]
[WhiteElo "1315"]
[BlackElo "1616"]
[WhiteRD "na"]
[BlackRD "na"]
[TimeControl "60+0"]
[Date "1999.10.31"]
[Time "21:22:00"]
[WhiteClock "0:01:00.000"]
[BlackClock "0:01:00.000"]
[ECO "A34"]
[PlyCount "66"]
[Result "0-1"]

1. c4 c5 2. Nc3 Nf6 3. Nf3 d6 4. g3 Nc6 5. Bg2 Bg4 6. O-O Qd7 7. e4 Bh3 8. Re1 Bxg2 9. Kxg2 e6 10. d3 Be7 11. Bg5 e5 12. Ng1 h6 13. Bxf6 Bxf6 14. f4 O-O 15. f5 g6 16. Rf1 Kh7 17. Nd5 Qd8 18. Nf3 Nb4 19. Nxb4 cxb4 20. a3 bxa3 21. Rxa3 a6 22. Rb3 b6 23. Qa1 a5 24. Qa4 Qe8 25. Qb5 Qxb5 26. Rxb5 Rab8 27. Ra1 Bd8 28. b4 Re8 29. bxa5 Bc7 30. axb6 Rxb6 31. Rxb6 Bxb6 32. Ra6 Bc5 33. Rc6 Ra8 {White forfeits on time} 0-1

[Event "FICS rated blitz game"]
[Site "FICS freechess.org"]
[FICSGamesDBGameNo "20003378"]
[White "vessoj"]
[Black "boiler"]
[WhiteElo "1851"]
[BlackElo "1883"]
[WhiteRD "na"]
[BlackRD "na"]
[TimeControl "180+0"]
[Date "1999.10.31"]
[Time "21:18:00"]
[WhiteClock "0:03:00.000"]
[BlackClock "0:03:00.000"]
[ECO "E29"]
[PlyCount "44"]
[Result "0-1"]

1. d4 Nf6 2. c4 e6 3. Nc3 Bb4 4. a3 Bxc3+ 5. bxc3 c5 6. e3 Nc6 7. Nf3 O-O 8. Bd3 d5 9. cxd5 exd5 10. O-O c4 11. Bb1 Bg4 12. h3 Bh5 13. g4 Bg6 14. Bxg6 hxg6 15. Rb1 Qd7 16. Qa4 Ne4 17. Bd2 f5 18. g5 f4 19. Kg2 fxe3 20. fxe3 Qd6 21. Rf2 Qg3+ 22. Kf1 Qxf2# {White checkmated} 0-1

[Event "FICS rated blitz game"]
[Site "FICS freechess.org"]
[FICSGamesDBGameNo "20003377"]
[White "lochsa"]
[Black "Machete"]
[WhiteElo "1502"]
[BlackElo "1473"]
[WhiteRD "na"]
[BlackRD "na"]
[TimeControl "300+0"]
[Date "1999.10.31"]
[Time "19:57:00"]
[WhiteClock "0:05:00.000"]
[BlackClock "0:05:00.000"]
[ECO "B00"]
[PlyCount "136"]
[Result "1-0"]

1. e4 h6 2. Bc4 g5 3. d3 Bg7 4. Nc3 c5 5. Be3 Qa5 6. Ne2 d6 7. O-O Nc6 8. Bd2 Bg4 9. h3 Bh5 10. g4 Bg6 11. Ng3 Nd4 12. Nd5 Qd8 13. c3 Nc6 14. Qf3 e6 15. Ne3 Ne5 16. Qe2 Nxc4 17. Nxc4 Nf6 18. f4 gxf4 19. Bxf4 e5 20. Bd2 Qd7 21. Nf5 Rg8 22. Nxh6 Bxh6 23. Bxh6 O-O-O 24. g5 Nh5 25. Qg4 Qxg4+ 26. hxg4 Nf4 27. Rf3 Rh8 28. Kf2 Rh7 29. Rd1 Ne6 30. Rf6 b5 31. Ne3 Nf4 32. Nf5 Ne6 33. Ne7+ Kd7 34. Nxg6 fxg6 35. Rxg6 Rf8+ 36. Rf6 Rxf6+ 37. gxf6 Rxh6 38. f7 Nf4 39. Rg1 Ke7 40. g5 Rh8 41. g6 Nxg6 42. Rxg6 Kxf7 43. Rxd6 Rh2+ 44. Ke3 Rxb2 45. Rd7+ Ke6 46. Rxa7 Rc2 47. Ra3 Rb2 48. Ra6+ Kd7 49. d4 exd4+ 50. cxd4 c4 51. d5 c3 52. Kd3 c2 53. Rc6 Rxa2 54. Rxc2 Rxc2 55. Kxc2 Kd6 56. Kb3 Ke5 57. Kb4 Kxe4 58. d6 Ke5 59. d7 Ke6 60. d8=Q Ke5 61. Qb6 Ke4 62. Qxb5 Ke3 63. Qe5+ Kd3 64. Qc3+ Ke4 65. Kc5 Kf4 66. Qd4+ Kf5 67. Kd6 Kg5 68. Qe5+ Kg6 {Black forfeits on time} 1-0

[Event "FICS rated blitz game"]
[Site "FICS freechess.org"]
[FICSGamesDBGameNo "20003375"]
[White "oinkoink"]
[Black "Raju"]
[WhiteElo "1599"]
[BlackElo "1594"]
[WhiteRD "na"]
[BlackRD "na"]
[TimeControl "120+12"]
[Date "1999.10.31"]
[Time "19:11:00"]
[WhiteClock "0:02:00.000"]
[BlackClock "0:02:00.000"]
[ECO "B22"]
[PlyCount "112"]
[Result "1/2-1/2"]

1. e4 c5 2. Nf3 Nc6 3. c3 Nf6 4. e5 Nd5 5. d4 cxd4 6. cxd4 e6 7. Bc4 Nb6 8. Bb3 Bb4+ 9. Bd2 Bxd2+ 10. Qxd2 O-O 11. Nc3 Kh8 12. d5 exd5 13. O-O d4 14. Nxd4 Nxd4 15. Qxd4 f6 16. Rad1 fxe5 17. Qxe5 Qf6 18. Qxf6 Rxf6 19. Rfe1 Rf8 20. Ne4 d5 21. Bxd5 Nxd5 22. Rxd5 Be6 23. Ra5 b6 24. Ra3 Bd5 25. Nc3 Bc4 26. b3 Bg8 27. f3 a6 28. Ra4 b5 29. Rd4 Rad8 30. Red1 Rxd4 31. Rxd4 Rc8 32. Ne4 Rc1+ 33. Kf2 Rc2+ 34. Rd2 Rxd2+ 35. Nxd2 Bd5 36. a3 Kg8 37. Ke3 Kf7 38. Kd4 Ke6 39. Kc5 Bb7 40. Kb6 Bc8 41. Ne4 Ke5 42. Nc5 Kd4 43. Nxa6 Bxa6 44. Kxa6 Kc5 45. Ka5 g5 46. g3 h5 47. f4 gxf4 48. gxf4 h4 49. f5 Kd5 50. Kxb5 Ke5 51. Kc5 Kxf5 52. Kd5 Kg4 53. Ke4 Kh3 54. Kf3 Kxh2 55. Kf2 h3 56. Kf1 Kh1 {Game drawn by mutual agreement} 1/2-1/2

[Event "FICS rated blitz game"]
[Site "FICS freechess.org"]
[FICSGamesDBGameNo "20003374"]
[White "PINKFLOYD"]
[Black "bmilk"]
[WhiteElo "1846"]
[BlackElo "1728"]
[WhiteRD "na"]
[BlackRD "na"]
[TimeControl "300+0"]
[Date "1999.10.31"]
[Time "19:11:00"]
[WhiteClock "0:05:00.000"]
[BlackClock "0:05:00.000"]
[ECO "A53"]
[PlyCount "113"]
[Result "1/2-1/2"]

1. d4 d6 2. c4 Nf6 3. Nc3 Bf5 4. Nf3 Nbd7 5. e3 c6 6. Bd3 Bxd3 7. Qxd3 e5 8. O-O Be7 9. dxe5 dxe5 10. Rd1 O-O 11. b3 Qc7 12. Bb2 Rad8 13. Qe2 Nc5 14. b4 Na6 15. b5 Nc5 16. Ba3 Nce4 17. Nxe4 Nxe4 18. Rxd8 Rxd8 19. Bxe7 Qxe7 20. Rd1 Re8 21. Qc2 Nc5 22. bxc6 bxc6 23. Qf5 f6 24. h3 Qe6 25. Qxe6+ Rxe6 26. Rd8+ Kf7 27. Ra8 Re7 28. Nd2 Rd7 29. Nb3 Nxb3 30. axb3 Ke6 31. Kf1 Kd6 32. Ke2 Kc5 33. f3 Rb7 34. Kd3 Rxb3+ 35. Ke2 Rb7 36. Kd3 Rd7+ 37. Kc3 Kb6 38. Rh8 h6 39. Rb8+ Rb7 40. Re8 a5 41. g4 Ra7 42. h4 a4 43. Kb2 a3+ 44. Ka2 Kc5 45. g5 hxg5 46. hxg5 Kxc4 47. gxf6 gxf6 48. Re6 Kd3 49. Rxc6 Kxe3 50. Rxf6 Ra5 51. Rf5 Kd3 52. f4 Kd4 53. fxe5 Rxe5 54. Rf4+ Re4 55. Rf3 Re3 56. Rxe3 Kxe3 57. Kxa3 {Neither player has mating material} 1/2-1/2

[Event "FICS rated blitz game"]
[Site "FICS freechess.org"]
[FICSGamesDBGameNo "20003372"]
[White "KenPitzner"]
[Black "strobo"]
[WhiteElo "1224"]
[BlackElo "1605"]
[WhiteRD "na"]
[BlackRD "na"]
[TimeControl "300+0"]
[Date "1999.10.31"]
[Time "19:09:00"]
[WhiteClock "0:05:00.000"]
[BlackClock "0:05:00.000"]
[ECO "B30"]
[PlyCount "150"]
[Result "0-1"]

1. e4 c5 2. Nf3 Nc6 3. Bc4 e6 4. d3 d5 5. Bg5 Be7 6. Bxe7 Ngxe7 7. O-O dxc4 8. dxc4 O-O 9. Nc3 Qxd1 10. Raxd1 e5 11. h3 Ng6 12. a3 Be6 13. b3 Rad8 14. Nb5 Nd4 15. Nfxd4 exd4 16. Nxa7 Ra8 17. Nb5 Bd7 18. a4 Bc6 19. Rfe1 Bxb5 20. cxb5 b6 21. e5 Rfe8 22. Re2 Nxe5 23. Rde1 f6 24. f4 Kf8 25. fxe5 fxe5 26. Rxe5 Rxe5 27. Rxe5 Kf7 28. Kh2 Kf6 29. Rd5 Ke6 30. Rg5 g6 31. Rg3 Ra7 32. c3 dxc3 33. Rxc3 Rd7 34. Re3+ Kf7 35. g4 Rd2+ 36. Kg3 Rd4 37. h4 Kf6 38. g5+ Kf7 39. Rf3+ Ke6 40. Rf4 Rd3+ 41. Rf3 Rd4 42. Re3+ Kd6 43. Rf3 Re4 44. Rf6+ Re6 45. Rxe6+ Kxe6 46. Kf4 Kd5 47. a5 bxa5 48. b6 Kc6 49. Ke4 Kxb6 50. Kd5 Kb5 51. Ke6 Kb4 52. Kf7 Kxb3 53. Kg7 c4 54. Kxh7 c3 55. Kxg6 c2 56. h5 c1=Q 57. h6 Qc6+ 58. Kg7 Qd7+ 59. Kf6 a4 60. g6 a3 61. g7 Qd6+ 62. Kf7 Qd7+ 63. Kf6 Qd8+ 64. Kf7 Qd5+ 65. Kf8 a2 66. g8=Q Qxg8+ 67. Kxg8 a1=Q 68. h7 Qg1+ 69. Kh8 Qd4+ 70. Kg8 Qd8+ 71. Kg7 Qe7+ 72. Kg6 Qf8 73. Kg5 Kc4 74. Kg6 Kd4 75. Kg5 Ke4 {White forfeits on time} 0-1

[Event "FICS rated standard game"]
[Site "FICS freechess.org"]
[FICSGamesDBGameNo "20003371"]
[White "capatal"]
[Black "acman"]
[WhiteElo "1600"]
[BlackElo "1774"]
[WhiteRD "na"]
[BlackRD "na"]
[TimeControl "1200+0"]
[Date "1999.10.31"]
[Time "18:56:00"]
[WhiteClock "0:20:00.000"]
[BlackClock "0:20:00.000"]
[ECO "B21"]
[PlyCount "113"]
[Result "1-0"]

1. e4 c5 2. d4 cxd4 3. c3 dxc3 4. Nxc3 d6 5. Bc4 Nc6 6. Nf3 e6 7. O-O a6 8. Be3 Be7 9. Qe2 Nf6 10. Rad1 Nd7 11. Bf4 Qc7 12. Bb3 O-O 13. Rd2 e5 14. Nd5 Qd8 15. Be3 Nf6 16. Bb6 Qd7 17. Ng5 Nxd5 18. Nxf7 Nxb6 19. Nxe5+ Kh8 20. Nxd7 Bxd7 21. Rc1 Ne5 22. Rcd1 Bb5 23. Qh5 Bd7 24. Rxd6 Bg4 25. Qxe5 Bxd1 26. Rxd1 Bf6 27. Qc5 Na4 28. Bxa4 Bxb2 29. Qb6 Be5 30. Qxb7 Rab8 31. Qe7 Bf6 32. Qe6 a5 33. Bb3 h6 34. e5 Rbe8 35. exf6 Rxe6 36. fxg7+ Kxg7 37. Bxe6 Rf6 38. Bb3 Ra6 39. Rd4 Kf6 40. f4 Rc6 41. Kf2 Ra6 42. g4 Rb6 43. h4 Ra6 44. Kf3 Rc6 45. Ke4 Rc1 46. g5+ hxg5 47. hxg5+ Kg6 48. Rd6+ Kg7 49. Kf5 Rc7 50. Ke6 Ra7 51. Rd7+ Rxd7 52. Kxd7 Kg6 53. Bc2+ Kf7 54. f5 Kg7 55. Ke7 Kg8 56. f6 Kh8 57. f7 {Black resigns} 1-0

[Event "FICS rated blitz game"]
[Site "FICS freechess.org"]
[FICSGamesDBGameNo "20003370"]
[White "Snake"]
[Black "mcconn"]
[WhiteElo "1398"]
[BlackElo "1373"]
[WhiteRD "na"]
[BlackRD "na"]
[TimeControl "180+0"]
[Date "1999.10.31"]
[Time "18:41:00"]
[WhiteClock "0:03:00.000"]
[BlackClock "0:03:00.000"]
[ECO "A07"]
[PlyCount "79"]
[Result "0-1"]

1. Nf3 d5 2. g3 e6 3. c3 c5 4. Bg2 Nc6 5. d3 Nf6 6. O-O Be7 7. Re1 O-O 8. Nbd2 Bd6 9. e4 dxe4 10. dxe4 Be5 11. Nc4 Bd6 12. Nxd6 e5 13. Bg5 Bg4 14. Nc4 h6 15. Bxf6 Qxf6 16. h3 Bh5 17. g4 Bg6 18. Qd6 Qf4 19. Ncxe5 Bxe4 20. Re3 Bxf3 21. Rxf3 Qxe5 22. Qxe5 Nxe5 23. Re3 Nc6 24. Bxc6 bxc6 25. Re7 Rfe8 26. Rae1 Rxe7 27. Rxe7 Kf8 28. Rc7 Rb8 29. Rxc6 Rxb2 30. Rxc5 Rxa2 31. Rc8+ Ke7 32. Rc7+ Ke6 33. Rc6+ Ke5 34. Rc7 Kf6 35. Rc6+ Kg5 36. Rc5+ Kg6 37. Rc6+ f6 38. h4 a5 39. h5+ Kg5 40. Rc5+ {White forfeits on time} 0-1

[Event "FICS rated blitz game"]
[Site "FICS freechess.org"]
[FICSGamesDBGameNo "20003369"]
[White "Axe"]
[Black "blt"]
[WhiteElo "1827"]
[BlackElo "1548"]
[WhiteRD "na"]
[BlackRD "na"]
[TimeControl "300+0"]
[Date "1999.10.31"]
[Time "18:16:00"]
[WhiteClock "0:05:00.000"]
[BlackClock "0:05:00.000"]
[ECO "A40"]
[PlyCount "68"]
[Result "0-1"]

1. d4 e5 2. d5 d6 3. e4 f5 4. Nc3 Nf6 5. Bd3 fxe4 6. Nxe4 Be7 7. c4 c6 8. Bg5 O-O 9. Bxf6 Bxf6 10. Nf3 Bg4 11. Qc2 Nd7 12. O-O-O a5 13. h3 Bh5 14. g4 Bg6 15. g5 Bxe4 16. Bxe4 Bxg5+ 17. Nxg5 Qxg5+ 18. Kb1 h6 19. Rdg1 Qf4 20. f3 Nf6 21. Rg2 Nxe4 22. fxe4 Rf7 23. Rhg1 Raf8 24. a3 cxd5 25. cxd5 b5 26. Rg4 Qf2 27. Qc6 Qe3 28. Qxd6 Qd3+ 29. Ka1 Rf1+ 30. Rxf1 Rxf1+ 31. Ka2 Qc4+ 32. b3 Rf2+ 33. Kb1 Qxb3+ 34. Ka1 Rf1# {White checkmated} 0-1

[Event "FICS rated blitz game"]
[Site "FICS freechess.org"]
[FICSGamesDBGameNo "20003367"]
[White "sexygrl"]
[Black "Loig"]
[WhiteElo "1274"]
[BlackElo "1326"]
[WhiteRD "na"]
[BlackRD "na"]
[TimeControl "300+0"]
[Date "1999.10.31"]
[Time "17:11:00"]
[WhiteClock "0:05:00.000"]
[BlackClock "0:05:00.000"]
[ECO "D00"]
[PlyCount "91"]
[Result "1-0"]

1. d4 d5 2. e3 e6 3. Bd3 Nf6 4. Nd2 Be7 5. f4 O-O 6. Ngf3 b6 7. O-O Bb7 8. Ne5 Nbd7 9. c3 c5 10. g4 cxd4 11. cxd4 Rc8 12. g5 Ne8 13. Bxh7+ Kxh7 14. Qh5+ Kg8 15. Rf3 Nxe5 16. Rh3 f6 17. Qh7+ Kf7 18. fxe5 fxg5 19. Qh5+ g6 20. Qh7+ Ng7 21. Rf3+ Ke8 22. Qxg6+ Kd7 23. Qxg7 Rxf3 24. Nxf3 Qc7 25. Nxg5 Re8 26. b3 Qc8 27. Ba3 Kd8 28. Bxe7+ Rxe7 29. Qf8+ Re8 30. Qf6+ Kd7 31. Qf7+ Re7 32. Qf6 Qg8 33. Kh1 Rg7 34. Rg1 Re7 35. Nf3 Qc8 36. Nh4 Qc3 37. Ng6 Re8 38. Nf8+ Kc8 39. Nxe6 Qxe3 40. Qf7 Rxe6 41. Qxe6+ Kb8 42. Rg8+ Kc7 43. Rg7+ Kb8 44. Qd6+ Ka8 45. Qd8+ Bc8 46. Qxc8# {Black checkmated} 1-0

[Event "FICS rated blitz game"]
[Site "FICS freechess.org"]
[FICSGamesDBGameNo "20003366"]
[White "DexterLab"]
[Black "jrjr"]
[WhiteElo "1395"]
[BlackElo "1437"]
[WhiteRD "na"]
[BlackRD "na"]
[TimeControl "180+0"]
[Date "1999.10.31"]
[Time "16:58:00"]
[WhiteClock "0:03:00.000"]
[BlackClock "0:03:00.000"]
[ECO "B10"]
[PlyCount "114"]
[Result "0-1"]

1. e4 c6 2. f4 d5 3. d3 dxe4 4. Nc3 exd3 5. Bxd3 Nf6 6. Nf3 Bg4 7. O-O e6 8. Qe1 Bc5+ 9. Be3 Bxe3+ 10. Qxe3 Bxf3 11. Qxf3 O-O 12. Rad1 Qc7 13. f5 exf5 14. Bxf5 Na6 15. Ne4 Nxe4 16. Qxe4 g6 17. Qg4 Rad8 18. Bd3 Nc5 19. Qc4 Nxd3 20. Rxd3 Rxd3 21. Qxd3 Rd8 22. Qb3 Qb6+ 23. Qxb6 axb6 24. c4 Rd2 25. Rb1 Rc2 26. h3 Rxc4 27. Re1 Rc2 28. Re7 Rxb2 29. Rxb7 Rxa2 30. Rxb6 c5 31. Rc6 Rc2 32. Kh2 c4 33. Kg1 c3 34. Kf1 Rc1+ 35. Ke2 c2 36. Kd2 Rg1 37. Kxc2 Rxg2+ 38. Kd3 Rg3+ 39. Ke4 Rxh3 40. Ke5 Re3+ 41. Kf6 Re6+ 42. Rxe6 fxe6 43. Kxe6 Kg7 44. Ke5 Kh6 45. Kf4 Kh5 46. Kg3 Kg5 47. Kh3 Kf4 48. Kh4 g5+ 49. Kh3 h6 50. Kh2 Kf3 51. Kh3 g4+ 52. Kh2 Kf2 53. Kh1 h5 54. Kh2 g3+ 55. Kh1 g2+ 56. Kh2 g1=Q+ 57. Kh3 Qg3# {White checkmated} 0-1

[Event "FICS rated blitz game"]
[Site "FICS freechess.org"]
[FICSGamesDBGameNo "20003365"]
[White "Narin"]
[Black "gassler"]
[WhiteElo "1280"]
[BlackElo "1318"]
[WhiteRD "na"]
[BlackRD "na"]
[TimeControl "120+12"]
[Date "1999.10.31"]
[Time "16:33:00"]
[WhiteClock "0:02:00.000"]
[BlackClock "0:02:00.000"]
[ECO "D00"]
[PlyCount "76"]
[Result "0-1"]

1. d4 d5 2. Bf4 b6 3. Nc3 Ba6 4. e3 Bxf1 5. Kxf1 Nf6 6. Qf3 Nc6 7. Nb5 Rc8 8. Qg3 Ne4 9. Nxc7+ Rxc7 10. Qf3 Nd2+ 11. Ke2 Nxf3 12. gxf3 Nb4 13. Bxc7 Qxc7 14. c3 Qc4+ 15. Ke1 Nxa2 16. Ne2 Qb3 17. Rg1 Qxb2 18. Rd1 Nxc3 19. Nxc3 Qxc3+ 20. Ke2 e6 21. Ra1 Bb4 22. Rxa7 Qd2+ 23. Kf1 O-O 24. h4 Qd3+ 25. Kg2 Be7 26. Rxe7 f6 27. Kh1 g6 28. h5 g5 29. Rxe6 Qf5 30. Kg2 Qxe6 31. h6 f5 32. Rh1 Rf6 33. Ra1 g4 34. Ra8+ Rf8 35. Ra7 Qxh6 36. fxg4 fxg4 37. Kg1 g3 38. fxg3 Qxe3+ {White resigns} 0-1

[Event "FICS rated blitz game"]
[Site "FICS freechess.org"]
[FICSGamesDBGameNo "20003363"]
[White "pjacobi"]
[Black "clisus"]
[WhiteElo "1565"]
[BlackElo "1513"]
[WhiteRD "na"]
[BlackRD "na"]
[TimeControl "120+12"]
[Date "1999.10.31"]
[Time "15:41:00"]
[WhiteClock "0:02:00.000"]
[BlackClock "0:02:00.000"]
[ECO "B22"]
[PlyCount "28"]
[Result "0-1"]

1. e4 c5 2. Nf3 Nc6 3. c3 d6 4. d4 cxd4 5. cxd4 Nf6 6. Nc3 Bg4 7. d5 Bxf3 8. Qxf3 Ne5 9. Qe2 a6 10. f4 Ng6 11. e5 dxe5 12. fxe5 Nxd5 13. Bg5 Nxc3 14. bxc3 Qc7 {White resigns} 0-1

[Event "FICS rated blitz game"]
[Site "FICS freechess.org"]
[FICSGamesDBGameNo "20003361"]
[White "middk"]
[Black "birdndiz"]
[WhiteElo "1519"]
[BlackElo "1502"]
[WhiteRD "na"]
[BlackRD "na"]
[TimeControl "300+0"]
[Date "1999.10.31"]
[Time "15:35:00"]
[WhiteClock "0:05:00.000"]
[BlackClock "0:05:00.000"]
[ECO "B01"]
[PlyCount "147"]
[Result "1-0"]

1. e4 d5 2. exd5 Qxd5 3. Nc3 Qa5 4. Nf3 Bf5 5. Bc4 e6 6. d4 c6 7. O-O Qc7 8. Bg5 Ne7 9. Bxe7 Bxe7 10. Ne5 Nd7 11. Qe2 Bg6 12. Ne4 Nxe5 13. dxe5 O-O-O 14. f4 Bxe4 15. Qxe4 Qb6+ 16. Kh1 Qxb2 17. Rfb1 Qd4 18. Qxd4 Rxd4 19. Bd3 b6 20. a4 Kc7 21. g3 g6 22. a5 Rb8 23. axb6+ axb6 24. Ra7+ Kd8 25. Ra6 Bc5 26. Ra7 Rd7 27. Rxd7+ Kxd7 28. Kg2 Kc7 29. Kf3 h5 30. g4 hxg4+ 31. Kxg4 Rh8 32. h4 Bf2 33. Rh1 Bc5 34. h5 gxh5+ 35. Rxh5 Rxh5 36. Kxh5 Kd8 37. Kg5 Ke7 38. c4 Be3 39. Kg4 c5 40. Kf3 Bd2 41. Ke4 Bc3 42. f5 exf5+ 43. Kxf5 f6 44. e6 Be5 45. Be2 Bd4 46. Bh5 b5 47. cxb5 c4 48. Bg4 c3 49. Bd1 Bb6 50. Bb3 Bc5 51. Ke4 Kd6 52. Kd3 Bb4 53. Kc4 Kxe6 54. Kxb4+ Kd6 55. Kxc3 Kc5 56. Bc4 f5 57. Bf1 f4 58. Kd2 f3 59. Ke1 Kb6 60. Kf2 Kc5 61. Kxf3 Kb6 62. Ke4 Kc5 63. Ke5 Kb6 64. Kd5 Kc7 65. Kc5 Kb7 66. b6 Kb8 67. Kc6 Ka8 68. Kb5 Kb8 69. Ka6 Ka8 70. Bh3 Kb8 71. b7 Kc7 72. Ka7 Kd6 73. b8=Q+ Kd5 74. Qd8+ {Black forfeits on time} 1-0

[Event "FICS rated blitz game"]
[Site "FICS freechess.org"]
[FICSGamesDBGameNo "20003359"]
[White "sanke"]
[Black "gkinf"]
[WhiteElo "1288"]
[BlackElo "1388"]
[WhiteRD "na"]
[BlackRD "na"]
[TimeControl "180+0"]
[Date "1999.10.31"]
[Time "15:07:00"]
[WhiteClock "0:03:00.000"]
[BlackClock "0:03:00.000"]
[ECO "A47"]
[PlyCount "38"]
[Result "0-1"]

1. d4 e6 2. Bf4 b6 3. e3 Nf6 4. Nf3 Bb7 5. c3 Be7 6. Nbd2 d6 7. Bd3 Nbd7 8. Qc2 c5 9. O-O cxd4 10. exd4 Rc8 11. Ne4 Nxe4 12. Rfe1 Nef6 13. Qe2 Bxf3 14. Qxf3 e5 15. dxe5 dxe5 16. Bg5 O-O 17. Bxf6 Bxf6 18. Qd1 Nc5 19. Qc2 Qxd3 {White forfeits by disconnection} 0-1

[Event "FICS rated blitz game"]
[Site "FICS freechess.org"]
[FICSGamesDBGameNo "20003358"]
[White "Machete"]
[Black "middk"]
[WhiteElo "1452"]
[BlackElo "1530"]
[WhiteRD "na"]
[BlackRD "na"]
[TimeControl "300+0"]
[Date "1999.10.31"]
[Time "14:57:00"]
[WhiteClock "0:05:00.000"]
[BlackClock "0:05:00.000"]
[ECO "A00"]
[PlyCount "81"]
[Result "1-0"]

1. b4 e5 2. a3 Nf6 3. Bb2 Nc6 4. e3 d5 5. c4 dxc4 6. Bxc4 Be6 7. Bxe6 fxe6 8. Nf3 Bd6 9. Ng5 Qe7 10. Qb3 Kd7 11. Nc3 h6 12. Nge4 Nxe4 13. Nxe4 Rhf8 14. O-O Rf5 15. Rac1 Raf8 16. Rc2 Qh4 17. d3 Ne7 18. Qc3 Nd5 19. Qc4 Nxe3 20. Nc5+ Bxc5 21. Qxh4 Nxf1 22. bxc5 Ne3 23. Re2 Nd1 24. Bxe5 Nxf2 25. Bg3 Nxd3 26. h3 Nxc5 27. Rd2+ Rd5 28. Rxd5+ exd5 29. Qg4+ Ne6 30. Qa4+ c6 31. Qxa7 Nd8 32. Qb6 Ke6 33. Qc7 d4 34. Qd6+ Kf7 35. Qd7+ Kg8 36. Qxd4 Kh8 37. Qd7 c5 38. Bh4 c4 39. Bxd8 c3 40. Ba5 c2 41. Qd2 {Black forfeits on time} 1-0

[Event "FICS rated blitz game"]
[Site "FICS freechess.org"]
[FICSGamesDBGameNo "20003357"]
[White "jmms"]
[Black "Juliuus"]
[WhiteElo "1299"]
[BlackElo "1290"]
[WhiteRD "na"]
[BlackRD "na"]
[TimeControl "180+2"]
[Date "1999.10.31"]
[Time "14:57:00"]
[WhiteClock "0:03:00.000"]
[BlackClock "0:03:00.000"]
[ECO "C42"]
[PlyCount "140"]
[Result "0-1"]

1. e4 e5 2. Nf3 Nf6 3. Bc4 d5 4. exd5 e4 5. Ne5 Nxd5 6. O-O Bc5 7. Re1 O-O 8. Rxe4 Bf5 9. Re1 Nd7 10. Bxd5 Nxe5 11. Rxe5 Qf6 12. d4 Bd6 13. Re1 Rae8 14. Be3 Be4 15. Nd2 Bxd5 16. c4 Be4 17. Nxe4 Rxe4 18. Qf3 Qxf3 19. gxf3 Rh4 20. f4 Bxf4 21. Bxf4 Rxf4 22. Rad1 Rd8 23. b3 Kf8 24. d5 Rd6 25. Re3 c6 26. Rde1 g6 27. dxc6 bxc6 28. Re8+ Kg7 29. R8e7 Rd2 30. R7e2 Rfd4 31. Rxd2 Rxd2 32. a4 Kf6 33. Re3 Rd7 34. Kg2 Re7 35. Rxe7 Kxe7 36. Kf3 Kd6 37. b4 c5 38. b5 f5 39. Kf4 h6 40. h4 Ke6 41. a5 Kd6 42. f3 Ke6 43. b6 axb6 44. axb6 Kd6 45. b7 Kc7 46. Ke5 Kxb7 47. Kd6 Kb6 48. Kd5 g5 49. hxg5 hxg5 50. Ke5 g4 51. fxg4 fxg4 52. Kf4 g3 53. Kxg3 Ka5 54. Kf4 Kb4 55. Ke3 Kxc4 56. Kd2 Kb3 57. Kd3 c4+ 58. Kd2 Kb2 59. Kd1 c3 60. Ke2 c2 61. Kd2 c1=Q+ 62. Kd3 Qe1 63. Kd4 Qg3 64. Ke4 Kc3 65. Kd5 Qf4 66. Ke6 Kd4 67. Kd7 Kd5 68. Ke7 Qf5 69. Kd8 Kd6 70. Ke8 Qf3 {White resigns} 0-1

[Event "FICS rated lightning game"]
[Site "FICS freechess.org"]
[FICSGamesDBGameNo "20003356"]
[White "Gilun"]
[Black "skunky"]
[WhiteElo "1734"]
[BlackElo "1948"]
[WhiteRD "na"]
[BlackRD "na"]
[TimeControl "60+0"]
[Date "1999.10.31"]
[Time "14:35:00"]
[WhiteClock "0:01:00.000"]
[BlackClock "0:01:00.000"]
[ECO "A43"]
[PlyCount "69"]
[Result "1-0"]

1. d4 c5 2. Nc3 Nf6 3. d5 e6 4. e4 exd5 5. exd5 d6 6. Bg5 Be7 7. Bf4 O-O 8. Bd3 a6 9. a4 Bg4 10. f3 Bh5 11. Nge2 Nbd7 12. O-O Bg6 13. Ng3 Rb8 14. Nf5 Bxf5 15. Bxf5 g6 16. Bd3 Nh5 17. Bh6 Re8 18. g4 Ng7 19. f4 Bf6 20. Qf3 Bd4+ 21. Kh1 b5 22. axb5 axb5 23. Nxb5 Bxb2 24. Rab1 Rxb5 25. Bxb5 Bd4 26. f5 Nf6 27. fxg6 hxg6 28. Bxg7 Kxg7 29. Rbd1 Re7 30. c3 Be5 31. Bd3 Nd7 32. Rde1 Qh8 33. Rxe5 Nxe5 34. Qf6+ Kf8 35. Qxh8# {Black checkmated} 1-0

[Event "FICS rated blitz game"]
[Site "FICS freechess.org"]
[FICSGamesDBGameNo "20003354"]
[White "diegostein"]
[Black "gross"]
[WhiteElo "1741"]
[BlackElo "1685"]
[WhiteRD "na"]
[BlackRD "na"]
[TimeControl "300+0"]
[Date "1999.10.31"]
[Time "14:22:00"]
[WhiteClock "0:05:00.000"]
[BlackClock "0:05:00.000"]
[ECO "C77"]
[PlyCount "55"]
[Result "1-0"]

1. e4 e5 2. Nf3 Nc6 3. Bb5 a6 4. Ba4 Nf6 5. d4 exd4 6. e5 Nd5 7. c3 Nb6 8. cxd4 Nxa4 9. Qxa4 Be7 10. O-O O-O 11. Nc3 b5 12. Qc2 d5 13. Qd2 Be6 14. Ne1 Nb8 15. Nd3 Nd7 16. b4 c6 17. a3 a5 18. Bb2 axb4 19. axb4 Qb6 20. Ne2 Qb7 21. f4 Nb6 22. f5 Nc4 23. Qe1 Bd7 24. Rxa8 Rxa8 25. f6 Bxb4 26. Qxb4 Ra2 27. fxg7 Bg4 28. Qf8# {Black checkmated} 1-0

[Event "FICS rated blitz game"]
[Site "FICS freechess.org"]
[FICSGamesDBGameNo "20003353"]
[White "hpoli"]
[Black "palash"]
[WhiteElo "1466"]
[BlackElo "1840"]
[WhiteRD "na"]
[BlackRD "na"]
[TimeControl "120+12"]
[Date "1999.10.31"]
[Time "14:18:00"]
[WhiteClock "0:02:00.000"]
[BlackClock "0:02:00.000"]
[ECO "E90"]
[PlyCount "108"]
[Result "0-1"]

1. d4 Nf6 2. c4 g6 3. Nc3 Bg7 4. e4 d6 5. Nf3 O-O 6. Bg5 Bg4 7. Be2 c5 8. d5 Nbd7 9. h3 Bxf3 10. Bxf3 Ne5 11. Be2 a6 12. f4 Ned7 13. f5 Ne5 14. Qd2 Rb8 15. Bh6 b5 16. Bxg7 Kxg7 17. cxb5 axb5 18. O-O b4 19. Nd1 Nxe4 20. Qe3 Nf6 21. fxg6 fxg6 22. Nf2 Nxd5 23. Qe4 Nf4 24. Nd3 Nfxd3 25. Bxd3 Qb6 26. Kh2 Qc6 27. Qxc6 Nxc6 28. Bc4 Ne5 29. Bd5 Rxf1 30. Rxf1 Rf8 31. Rxf8 Kxf8 32. Kg3 Kg7 33. Be4 Nc4 34. b3 Ne5 35. Kf4 Kf6 36. g4 g5+ 37. Ke3 h6 38. Ke2 e6 39. Bb7 d5 40. Bc8 Nf7 41. Kf3 Nd6 42. Ba6 Ke5 43. Bd3 Kd4 44. Bh7 e5 45. Bg8 Ne4 46. Bh7 Nc3 47. Bg8 Nxa2 48. Ke2 Nc1+ 49. Kd2 Nxb3+ 50. Kc2 Nd2 51. Kxd2 c4 52. Bh7 e4 53. Bg8 e3+ 54. Ke2 b3 {White resigns} 0-1

[Event "FICS rated blitz game"]
[Site "FICS freechess.org"]
[FICSGamesDBGameNo "20003352"]
[White "lecomte"]
[Black "jonboysmooth"]
[WhiteElo "1331"]
[BlackElo "1042"]
[WhiteRD "na"]
[BlackRD "na"]
[TimeControl "360+12"]
[Date "1999.10.31"]
[Time "14:15:00"]
[WhiteClock "0:06:00.000"]
[BlackClock "0:06:00.000"]
[ECO "C60"]
[PlyCount "49"]
[Result "1-0"]

1. e4 e5 2. Nf3 Nc6 3. Bb5 Bb4 4. O-O Nf6 5. Bxc6 bxc6 6. Nxe5 Ba6 7. Re1 Qe7 8. Nf3 O-O 9. c3 Bc5 10. d4 Bb6 11. e5 Ng4 12. Bg5 f6 13. exf6 gxf6 14. Rxe7 Rae8 15. Rxe8 Rxe8 16. Bh4 Bb5 17. Nbd2 Be2 18. Qc2 Re3 19. fxe3 Nxe3 20. Qb3+ Kg7 21. Re1 Bc4 22. Qa3 Nc2 23. Qe7+ Bf7 24. Qxf6+ Kf8 25. Re7 {Black resigns} 1-0